 Dungeon Crawl Stone Soup version 0.21-a0-351-g38363bb (webtiles) character file.

15 Edirash the Charmwright (level 2, 0/23 HPs)
             Began as a Formicid Skald on Oct 9, 2017.
             Slain by a goblin
             ... wielding a +0 club
              (3 damage)
             ... on level 1 of the Dungeon.
             The game lasted 00:03:12 (484 turns).

Edirash the Charmwright (Formicid Skald)             Turns: 484, Time: 00:03:12

Health: 0/23       AC:  3    Str: 15    XL:     2   Next: 65%
Magic:  5/5        EV: 11    Int: 12    God:
Gold:   45         SH:  0    Dex: 10    Spells: 4/5 levels left

rFire    . . .     SeeInvis +   a - +0 falchion
rCold    . . .     Gourm    .   (no shield)
rNeg     . . .     Faith    .   b - +0 leather armour
rPois    .         Spirit   .   (helmet unavailable)
rElec    .         Reflect  .   (no cloak)
rCorr    .         Harm     .   (no gloves)
MR       .....                  (no boots)
Stlth    +.........             (no amulet)
HPRegen  0.07/turn              (no ring)
MPRegen  0.09/turn              (no ring)

@: no status effects
A: permanent stasis, dig shafts and tunnels, four strong arms, antennae 3
a: Dig, Shaft Self


You were on level 1 of the Dungeon.
You were not hungry.

You visited 1 branch of the dungeon, and saw 1 of its levels.

You collected 45 gold pieces.

Inventory:

Hand Weapons
 a - a +0 falchion (weapon)
Missiles
 k - 11 poisoned needles
 m - 5 tomahawks
 Q - 66 stones (quivered)
Armour
 b - a +0 leather armour (worn)
 h - a +1 pair of boots
Scrolls
 f - a scroll of teleportation {unknown}
 i - a scroll of blinking {unknown}
 j - a scroll of enchant weapon {unknown}
 l - 2 scrolls of random uselessness {unknown}
Potions
 e - a potion of flight {unknown}
Books
 c - a book of Battle
Comestibles
 d - 3 bread rations
 g - 3 chunks of flesh


   Skills:
 + Level 2.8 Fighting
 - Level 2.0 Long Blades
 - Level 1.1 Armour
 - Level 1.7 Dodging
 - Level 2.1 Spellcasting
 + Level 3.4 Charms


You had 4 spell levels left.
You knew the following spells:

 Your Spells              Type           Power        Failure   Level  Hunger
a - Infusion              Chrm           #...         9%          1    ##.....


Dungeon Overview and Level Annotations

Branches:
Dungeon (1/15)

Altars:


Innate Abilities, Weirdness & Mutations

You cannot be hasted, slowed, berserked, paralysed or teleported.
You can dig through walls and to a lower floor.
Your four strong arms can wield two-handed weapons with a shield.
You have a pair of large antennae on your head. (SInv)


Message History

The goblin hits you with a club.
* * * LOW HITPOINT WARNING * * *
The rat closely misses you.
You take 4 damage, and have 5/23 hp.
You closely miss the goblin. The goblin misses you.
You riposte.
You hit the goblin. The rat bites you.
* * * LOW HITPOINT WARNING * * *
The goblin hits you but does no damage.
You take 1 damage, and have 4/23 hp.
You barely miss the goblin. The rat bites you.
* * * LOW HITPOINT WARNING * * *
The goblin barely misses you.
You take 2 damage, and have 2/23 hp.
Found a stone staircase leading down.
You barely miss the goblin. The rat bites you but does no damage.
The goblin hits you but does no damage. The rat closely misses you.
You closely miss the goblin. The goblin closely misses you.
The rat bites you but does no damage.
You barely miss the goblin. The goblin hits you with a club.
You die...

#####.#.#..#.#
##.#.#.#.#.## ..
.#.⌠#.#. .. >#
#...........# ...
.#.⌠#.#
##.#.#.#.#.##....
.#..#.# .# #
#.(..............
##'##.# ...
#.##.#.#.#.#.##....
....#.# ##..
...>........#....
#'###.#
...>.####.#.#.#.#.#..#.#
....#.#
#....g......?........
....#.#
#.@r...............
....#.#
#.#########........
....#.# #. ...........
....#.# #. #.#.........
#####.# #. ..........###
......# #. ###.#.#(...#
......# #. ...#.#....#
####### #. ## #.##+###


You could see a goblin and a rat.

Vault maps used:
D:1:      evilmike_arrival_home_sweet_home, st_stairs_10

Notes
Turn   | Place    | Note
-------+----------+-------------------------------------------
     0 | D:1      | Edirash the Formicid Skald began the quest for the Orb.
     0 | D:1      | Reached XP level 1. HP: 16/16 MP: 3/3
   293 | D:1      | Reached XP level 2. HP: 23/23 MP: 5/5
   468 | D:1      | HP: 5/23 [goblin/club (2)]
   470 | D:1      | HP: 2/23 [rat (2)]
   484 | D:1      | Identified a +0 club
   484 | D:1      | Slain by a goblin

Table legend:
 A = Turns spent in this place as a percentage of turns spent in the entire game.
 B = Non-inter-level travel turns spent in this place as a percentage of non-inter-level travel turns spent in the entire game.
 C = Inter-level travel turns spent in this place as a percentage of turns spent in this place.
 D = Turns resting spent in this place as a percentage of non-inter-level travel turns spent in this place.
 E = Turns spent auto-exploring this place as a percentage of non-inter-level travel turns spent in this place.
 F = Non-inter-level travel turns spent in this place divided by the number of levels of this place that you've seen.
                   A       B       C       D       E      F
               +-------+-------+-------+-------+-------+----------------------
         Total | 100.0 | 100.0 |   0.0 |   0.0 |  76.0 | 484.0
       Dungeon | 100.0 | 100.0 |   0.0 |   0.0 |  76.0 | 484.0
               +-------+-------+-------+-------+-------+----------------------

Table legend:
 A = Kills in this place as a percentage of kills in entire the game.
 B = Kills by you in this place as a percentage of kills by you in the entire game.
 C = Kills by friends in this place as a percentage of kills by friends in the entire game.
 D = Other kills in this place as a percentage of other kills in the entire game.
 E = Experience gained in this place as a percentage of experience gained in the entire game.
 F = Experience gained in this place divided by the number of levels of this place that you have seen.
                   A       B       C       D       E      F
               +-------+-------+-------+-------+-------+----------------------
         Total | 100.0 | 100.0 |   N/A |   N/A | 100.0 |  22.0
       Dungeon | 100.0 | 100.0 |   N/A |   N/A | 100.0 |  22.0
               +-------+-------+-------+-------+-------+----------------------

Action                   || total
-------------------------++-------
Melee: Falchion          ||    51
Armor: Leather armour    ||    19
Dodge: Dodged            ||    47
       Rpst.: Falchion   ||    11

Vanquished Creatures
  2 giant cockroaches (D:1)
  3 goblins (D:1)
  2 hobgoblins (D:1)
  5 bats (D:1)
  A kobold (D:1)
  A rat (D:1)
14 creatures vanquished.
